 Dungeon Crawl Stone Soup version 0.31-a0-232-gb1c03b2570 (webtiles) character file.

Game seed: 12929508499322255823

86 qw the Shooter (level 4, -2/36 HPs)
             Began as a Minotaur Hexslinger on July 7, 2023.
             Slain by an orc wizard
             ... wielding a +0 dagger
              (4 damage)
             ... on level 3 of the Dungeon.
             The game lasted 00:00:43 (1861 turns).

qw the Shooter (Minotaur Hexslinger)                Turns: 1861, Time: 00:00:44

Health: -2/36      AC:  4    Str: 13    XL:     4   Next: 26%
Magic:  4/4        EV: 12    Int: 10    God:
Gold:   70         SH:  5    Dex: 14    Spells: 4/5 levels left

rFire   . . .        Y - +2 sling
rCold   . . .        (no shield)
rNeg    . . .        i - +0 leather armour
rPois   .            (helmet restricted)
rElec   .            l - +0 cloak
rCorr   .            (no gloves)
SInv    .            (no boots)
Will    .....        f - amulet of reflection
Stlth   +            (no ring)
HPRegen 0.26/turn    (no ring)
MPRegen 0.09/turn

%: reflection
@: no status effects
A: horns 2, retaliatory headbutt
a: no special abilities


You were on level 3 of the Dungeon.
You visited 1 branch of the dungeon, and saw 3 of its levels.

You collected 150 gold pieces.
You spent 80 gold pieces at shops.


Innate Abilities, Weirdness & Mutations

You have a pair of horns on your head.
You reflexively headbutt those who attack you in melee.


   Skills:
 - Level 2.0 Fighting
 + Level 4.8 Ranged Weapons
 - Level 2.1 Dodging
 - Level 1.0 Spellcasting
 - Level 2.0 Hexes


You had 4 spell levels left.
You knew the following spells:

 Your Spells              Type           Power      Damage    Failure   Level
a - Slow                  Hex            16%        N/A       19%         1

Your spell library contained the following spells:

 Spells                   Type           Power      Damage    Failure   Level
 Inner Flame              Hex/Fire       2%         N/A       65%         3
 Portal Projectile        Hex/Tloc       4%         N/A       65%         3
 Cause Fear               Hex            2%         N/A       88%         4

Inventory:

Hand Weapons
 Y - a +2 sling (weapon)
Armour
 i - a +0 leather armour (worn)
 l - a +0 cloak (worn)
Jewellery
 d - a ring of fire
 f - an amulet of reflection (around neck)
Scrolls
 a - a scroll of identify
 b - a scroll of amnesia {unknown}
 n - 2 scrolls of teleportation
Potions
 c - a potion of curing {unknown}
 e - a potion of haste
 g - a potion of might
 h - a potion of cancellation {unknown}
 k - a potion of ambrosia {unknown}
 o - a potion of attraction {unknown}

Dungeon Overview and Level Annotations

Branches:
Dungeon (3/15)

Altars:

Shops:
D:2 *   D:3 (


Message History

Something hits you.
You shoot a sling bullet. Something hits you.
You shoot a sling bullet. Something hits you.
You hear some strange, mumbled words.
You are confused.
You shoot a sling bullet.
You hear some strange, mumbled words.
You are more confused.
You shoot a sling bullet. Something hits you.
You shoot a sling bullet. Something hits you but does no damage.
You shoot a sling bullet. Something hits you. x2
You shoot a sling bullet. Something completely misses you.
You shoot a sling bullet. Something hits you.
You shoot a sling bullet. Something hits you.
You shoot a sling bullet. Something hits you but does no damage.
You shoot a sling bullet. Something hits you but does no damage.
Something hits you.
You shoot a sling bullet. Something barely misses you.
You shoot a sling bullet. Something hits you but does no damage.
You shoot a sling bullet.
You feel less confused.
You hear some strange, mumbled words.
A puff of flame appears from out of thin air!
The puff of flame hits you.
You shoot a sling bullet. Something hits you.
You shoot a sling bullet. Something hits you.
You die...

# ####.....#
#.##.# #
#.....#### #.##.#
# ##.#.....##
#.##.# #
#.##.....####.##.#
#.######>........#
#.# ######.....
#.# ###### #.# #@#
......{)#
#########


There were no monsters in sight!

Vanquished Creatures
  3 adders
  2 dart slugs (D:1)
  3 orcs (D:3)
  2 endoplasms
  4 giant cockroaches
  3 goblins
  6 hobgoblins
  A kobold (D:1)
  6 quokkas
  9 ball pythons
  2 bats
  5 rats
46 creatures vanquished.

Notes
Turn   | Place    | Note
-------+----------+-------------------------------------------
     0 | D:1      | qw the Minotaur Hexslinger began the quest for the Orb.
     0 | D:1      | Reached XP level 1. HP: 16/16 MP: 1/1
     0 | D:1      | 0 ||| qw: Version: 0.3-a-46-gb1f654a
     0 | D:1      | 0 ||| qw: Game counter: 2375
     0 | D:1      | 0 ||| qw: Melee chars always use a shield: true
     0 | D:1      | 0 ||| qw: God list: Okawaru
     0 | D:1      | 0 ||| qw: Allow faded altars: false
     0 | D:1      | 0 ||| qw: Do Orc after clearing Dungeon:15 true
     0 | D:1      | 0 ||| qw: Do second Lair branch before Depths: true
     0 | D:1      | 0 ||| qw: Lair rune preference: random
     0 | D:1      | 0 ||| qw: Goals: Normal
     0 | D:1      | 0 ||| PLANNING D:1-11
    21 | D:1      | Found a faded altar of an unknown god.
    93 | D:1      | Reached skill level 3 in Ranged Weapons
   112 | D:1      | Reached XP level 2. HP: 23/23 MP: 2/2
   571 | D:1      | Reached XP level 3. HP: 29/29 MP: 3/3
   700 | D:1      | 700 ||| UPGRADING to amulet of reflection.
   705 | D:1      | 705 ||| READING 2 scrolls labelled UBLEDO GUTUKK.
   706 | D:1      | 706 ||| READING scroll labelled LYECRU MUIBB.
   707 | D:1      | 707 ||| READING scroll labelled SUCEDO SOFIWEO.
   808 | D:1      | 808 ||| READING scroll labelled SIYTRE YRONTYDA.
   812 | D:1      | 812 ||| DROPPING scroll of fog.
   813 | D:1      | 813 ||| DROPPING scroll of poison.
   909 | D:2      | Reached skill level 4 in Ranged Weapons
   997 | D:2      | 997 ||| FLEEEEING.
   998 | D:2      | 998 ||| FLEEEEING.
   999 | D:2      | 999 ||| FLEEEEING.
  1000 | D:2      | 1000 ||| FLEEEEING.
  1001 | D:2      | 1001 ||| FLEEEEING.
  1002 | D:2      | 1002 ||| FLEEEEING.
  1003 | D:2      | 1003 ||| FLEEEEING.
  1004 | D:2      | 1004 ||| FLEEEEING.
  1005 | D:2      | 1005 ||| FLEEEEING.
  1006 | D:2      | 1006 ||| FLEEEEING.
  1007 | D:2      | 1007 ||| FLEEEEING.
  1019 | D:2      | Found Cexuded's Assorted Antiques.
  1028 | D:2      | 1028 ||| BUYING leather armour (40 gold).
  1028 | D:2      | Bought a leather armour for 40 gold pieces
  1028 | D:2      | 1028 ||| SHOPLISTING pair of boots (90 gold, have 41).
  1028 | D:2      | 1028 ||| BUYING scroll labelled GURCHU WOKAINK (20 gold).
  1028 | D:2      | Bought a scroll labelled GURCHU WOKAINK for 20 gold pieces
  1028 | D:2      | 1028 ||| BUYING scroll labelled KEGUSTRYOHE (20 gold).
  1028 | D:2      | Bought a scroll labelled KEGUSTRYOHE for 20 gold pieces
  1028 | D:2      | 1028 ||| SHOPLISTING scroll labelled MADUNKOEMIA (20 gold,
                  | have 1).
  1028 | D:2      | 1028 ||| SHOPLISTING scroll labelled ZYTALOZ JOROD (20
                  | gold, have 1).
  1028 | D:2      | 1028 ||| SHOPLISTING scroll of enchant weapon (150 gold,
                  | have 1).
  1028 | D:2      | 1028 ||| SHOPLISTING scroll of teleportation (60 gold, have
                  | 1).
  1337 | D:2      | 1337 ||| UPGRADING to +0 leather armour.
  1347 | D:2      | 1347 ||| DROPPING +0 robe.
  1348 | D:2      | 1348 ||| UPGRADING to +0 cloak.
  1353 | D:2      | 1353 ||| READING 4 scrolls labelled GURCHU WOKAINK.
  1354 | D:2      | 1354 ||| READING 2 scrolls labelled JUMATOPTINN.
  1355 | D:2      | 1355 ||| READING scroll labelled KEGUSTRYOHE.
  1356 | D:2      | 1356 ||| READING scroll labelled BEM WITIAB.
  1410 | D:2      | 1410 ||| READING 3 scrolls of identify.
  1410 | D:2      | 1410 ||| IDENTIFYING sedimented grey potion
  1411 | D:2      | 1411 ||| READING 2 scrolls of identify.
  1411 | D:2      | 1411 ||| IDENTIFYING murky puce potion
  1412 | D:2      | 1412 ||| DROPPING scroll of noise.
  1522 | D:3      | Reached XP level 4. HP: 36/36 MP: 4/4
  1709 | D:3      | Found Yminaoci's Antique Weapon Shop.
  1853 | D:3      | HP: 9/36 [something (2)]
  1859 | D:3      | HP: 2/36 [something/puff of flame (5)]
  1861 | D:3      | Slain by an orc wizard

Levels and vault maps discovered:
D:1:      minmay_arrival_four_houses, layout_loops_ring,
          chequers_ecumenical_altar_simple
D:2:      layout_rooms, serial_shops, shop
D:3:      layout_basic, serial_glass, glass_columns_b, glass_columns_b,
          serial_shops, nicolae_shop_back_alley_shop, uniq_jessica

Skill      XL: |  1  2  3 |
---------------+----------+-----
Ranged Weapons | 3 4 |  4.8
Fighting       | 2 |  2.0
Dodging        | |  2.1
Spellcasting   | |  1.0
Hexes          | |  2.0

Action                     |  1- 3 |  4- 6 || total
---------------------------+-------+-------++-------
   Fire: Sling             |    92 |    52 ||   144
    Use: Scroll            |    10 |       ||    10
 Armour: Robe              |     3 |       ||     3
         Leather armour    |     1 |     8 ||     9
  Dodge: Dodged            |    26 |    10 ||    36
  Block: Other             |     7 |     6 ||    13

Table legend:
 A = Non-vault XP
 B = Vault XP
 C = Vault XP percentage of total XP
 D = Non-vault monster count
 E = Vault monster count
 F = Vault count percentage of total count
                 A         B        C        D         E       F
            +---------+---------+-------+---------+---------+-------
      Total |     123 |       0 |   0.0 |      46 |       0 |   0.0
            +---------+---------+-------+---------+---------+-------
        D:1 |      42 |       0 |   0.0 |      22 |       0 |   0.0
        D:2 |      47 |       0 |   0.0 |      14 |       0 |   0.0
        D:3 |      34 |       0 |   0.0 |      10 |       0 |   0.0
            +---------+---------+-------+---------+---------+-------
